AoeStats
← schmeno

Arabia

509973970Analyzed
1v1 RM · 4d ago on Sep 28, 2026· 37m 56s· 2 players
Game mode
Random Map
Map size
Tiny (2 player)
Population
200
Speed
Normal
Resources
Standard
Victory
Conquest
Starting age
Dark Age
Ending age
Imperial Age
RankedLock teamsTeams togetherTeam positionsShared explorationLock speedFull tech treeHidden civsTurbo modeCheats
Victory
Defeat
🇺🇸 Saxons · United States
1146
+17
🇨🇱 Mapuche · Chile
1167
-17
schmeno
6:44 Loom
9:01 Feudal Age
9:49 Double-Bit Axe
15:04 Fletching
21:45 Castle Age
20:37 Forging
20:51 Bloodlines
21:44 Stone Mining
22:57 Scale Barding Armor
27:29 Chain Barding Armor
28:27 Bow Saw
30:31 Atonement
36:11 Imperial Age
36:04 Wheelbarrow
35:18 Town Watch
36:38 Ballistics
35:40 Crossbowman
36:19 Bodkin Arrow
39:30 Chemistry
38:20 Guard Tower
38:16 Arrowslits
Maltés
2:58 Loom
9:47 Feudal Age
10:35 Champi Runner
11:46 Double-Bit Axe
14:35 Horse Collar
17:27 Fletching
20:47 Padded Archer Armor
24:26 Castle Age
23:12 Gold Mining
24:18 Forging
27:58 Stone Mining
29:23 Wheelbarrow
28:34 Town Watch
29:01 Bow Saw
29:57 Pikeman
36:14 Scale Mail Armor
Connection lost

Rejoining the realm…

Still unreachable

The connection could not be restored.

Session expired

The server has moved on; the page needs a fresh start.